 Dungeon Crawl Stone Soup version 0.30.1-1-g62c8e00024 (webtiles) character file.

Game seed: 13491519370202176480

105608 Peloso the Fencer (level 15, -4/141 HPs)
             Began as a Minotaur Fighter on July 14, 2023.
             Was the Champion of Okawaru.
             Slain by a fire elemental (6 damage)
             ... summoned by a deep elf pyromancer
             ... on level 1 of the Elven Halls.
             The game lasted 01:04:02 (22756 turns).

Peloso the Fencer (Minotaur Fighter)               Turns: 22756, Time: 01:04:03

Health: -4/141     AC: 25    Str: 32      XL:     15   Next: 95%
Magic:  15/15      EV: 14    Int:  0 (1)  God:    Okawaru [******]
Gold:   2427       SH:  8    Dex: 15      Spells: 14/14 levels left

rFire   . . .        a - +6 falchion (freeze)
rCold   + + +        d - +0 buckler
rNeg    + + +        N - +6 chain mail of the Shoals {rPois rN++ Str+2 Dex-2}
rPois   +            (helmet restricted)
rElec   +            v - +1 cloak of the Garden {rC++}
rCorr   .            u - +1 pair of gloves of Dogma {Slay+2}
SInv    .            C - +0 pair of boots of Jeritt {Dex+2}
Will    ++...        D - amulet of Tistroddycw {Regen+ Dex+3} Stlth
                     z - ring of Wishful Thinking {Drain rPois rC+ Will+ Str+2}
HPRegen 1.23/turn    W - ring "Hustroith" {rElec rN+ Str+2 Int-4}
MPRegen 0.14/turn

%: no passive effects
@: corroded, slowed, lost intelligence, unable to read, very slow
A: horns 2, retaliatory headbutt, iridescent scales 1, thin skeletal structure
1, clumsy 1, sense surroundings 1
a: Renounce Religion, Heroism, Finesse, Duel


You were on level 1 of the Elven Halls.
You worshipped Okawaru.
Okawaru was exalted by your worship.
You visited 5 branches of the dungeon, and saw 24 of its levels.
You visited the Abyss 2 times.
You also visited: Ossuary, Gauntlet and Volcano.

You collected 3472 gold pieces.
You spent 1045 gold pieces at shops.

Inventory:

Hand Weapons
 a - a +6 falchion of freezing (weapon)
 c - the +6 rapier "Quet" {heavy, rN+ rCorr Dex+3}
   (You found it on level 2 of the Dungeon)

   Dex:       It affects your dexterity (+3).
   rN:        It protects you from negative energy.
   rCorr:     It protects you from acid and corrosion.
Armour
 d - a +0 buckler (worn)
 e - the +8 plate armour of Roizxue {rN++ MP+9 Int-2 SInv}
   (You bought it in a shop on level 2 of the Orcish Mines)

   Int:       It affects your intelligence (-2).
   rN:        It greatly protects you from negative energy.
   MP:        It affects your magic capacity (+9).
   SInv:      It lets you see invisible.
 u - the +1 pair of gloves of Dogma (worn) {Slay+2}
   (Okawaru gifted it to you on level 2 of the Orcish Mines)

   Slay:      It affects your accuracy & damage with ranged weapons and melee
   (+2).
 v - the +1 cloak of the Garden (worn) {rC++}
   (You bought it in a shop on level 2 of the Dungeon)

   rC:        It greatly protects you from cold.
 C - the +0 pair of boots of Jeritt (worn) {Dex+2}
   (You found it on level 1 of the Lair of Beasts)

   Dex:       It affects your dexterity (+2).
 N - the +6 chain mail of the Shoals (worn) {rPois rN++ Str+2 Dex-2}
   (You found it on level 10 of the Dungeon)

   Str:       It affects your strength (+2).
   Dex:       It affects your dexterity (-2).
   rPois:     It protects you from poison.
   rN:        It greatly protects you from negative energy.
Jewellery
 h - a ring of willpower
 k - an amulet of reflection
 z - the ring of Wishful Thinking (left hand) {Drain rPois rC+ Will+ Str+2}
   (You found it on level 5 of the Dungeon)

   [ring of willpower]

   Str:       It affects your strength (+2).
   rC:        It protects you from cold.
   rPois:     It protects you from poison.
   Drain:     It drains your maximum health when unequipped.
   Will:      It increases your willpower.
 D - the amulet of Tistroddycw (around neck) {Regen+ Dex+3}
   (You found it on level 6 of the Dungeon)

   [amulet of regeneration]

   Dex:       It affects your dexterity (+3).
   Regen:     It increases your rate of health regeneration.
 G - a ring of fire
 L - the dreamshard necklace {*Dream Drain}
   (You found it on level 5 of the Lair of Beasts)

   [amulet of nothing]

   *Dream:    It shatters if its wearer takes lethal or near-lethal damage,
   preventing the blow and releasing protective dreams that heal and fight for
   the wearer.
   Drain:     It drains your maximum health when unequipped.
 M - an amulet of magic regeneration
 O - a +6 ring of dexterity
 Q - the amulet "Dosm" {RegenMP Regen+ Str-2 SInv Stlth-}
   (You found it on level 1 of the Elven Halls)

   [amulet of magic regeneration]

   It increases your rate of magic regeneration.
   Str:       It affects your strength (-2).
   SInv:      It lets you see invisible.
   Regen:     It increases your rate of health regeneration.
   Stlth:     It makes you less stealthy.
 R - a ring of see invisible
 W - the ring "Hustroith" (right hand) {rElec rN+ Str+2 Int-4}
   (You took it off a minotaur in a Gauntlet)

   [ring of positive energy]

   Str:       It affects your strength (+2).
   Int:       It affects your intelligence (-4).
   rElec:     It insulates you from electricity.
   rN:        It protects you from negative energy.
Wands
 g - a wand of paralysis (6)
 j - a wand of polymorph (10)
 s - a wand of flame (15)
 t - a wand of digging (9)
 S - a wand of iceblast (7)
Scrolls
 f - 6 scrolls of fog
 m - 5 scrolls of blinking
 p - 2 scrolls of teleportation
 q - 8 scrolls of magic mapping
 r - a scroll of butterflies
 y - 2 scrolls of enchant weapon
 B - 7 scrolls of fear
 E - 2 scrolls of immolation
 F - 5 scrolls of poison
 I - 2 scrolls of identify
 K - 2 scrolls of enchant armour
 P - a scroll of silence
 Z - 2 scrolls of amnesia
Potions
 b - a potion of ambrosia
 i - 14 potions of curing
 l - 7 potions of might
 n - 2 potions of haste
 o - 4 potions of resistance
 w - 2 potions of invisibility
 x - a potion of cancellation
 A - 2 potions of magic
 H - a potion of brilliance
Miscellaneous
 J - a lightning rod (4/4)


   Skills:
 + Level 15.6 Fighting
 + Level 9.1(13.3) Short Blades
 + Level 16.7(17.7) Long Blades
 + Level 16.7 Armour
 + Level 10.3 Dodging
 + Level 2.1 Stealth
 + Level 14.3 Shields
 + Level 2.1 Invocations
 + Level 2.0 Evocations


You had 14 spell levels left.
You didn't know any spells.
Your spell library contained the following spells:

 Spells                   Type           Power      Damage    Failure   Level
 Apportation              Tloc           0%         N/A       89%         1
 Beastly Appendage        Tmut           0%         N/A       89%         1
 Necrotise                Necr           0%         1d4       89%         1
 Sting                    Tmut/Pois      0%         1d3       89%         1
 Blink                    Tloc           0%         N/A       96%         2
 Lesser Beckoning         Tloc           0%         N/A       96%         2
 Momentum Strike          Conj/Tloc      0%         3d8       96%         2
 Poisonous Vapours        Pois/Air       0%         N/A       96%         2
 Sublimation of Blood     Necr           0%         N/A       96%         2
 Wereblood                Tmut           0%         N/A       96%         2
 Gell's Gravitas          Tloc           0%         N/A       99%         3
 Mephitic Cloud           Conj/Pois/Air  0%         N/A       99%         3
 Ozocubu's Armour         Ice            0%         N/A       99%         3
 Spider Form              Tmut/Pois      0%         N/A       99%         3
 Teleport Other           Tloc           0%         N/A       99%         3
 Leda's Liquefaction      Hex/Erth       0%         N/A       100%        4
 Petrify                  Tmut/Erth      0%         N/A       100%        4
 Fireball                 Conj/Fire      0%         3d3       100%        5
 Iskenderun's Battlesphe  Conj           0%         2d6       100%        5
 Lee's Rapid Deconstruct  Erth           0%         3d4*      100%        5
 Metabolic Englaciation   Hex/Ice        0%         N/A       100%        5
 Conjure Ball Lightning   Conj/Air       0%         3x3d6     100%        6
 Statue Form              Tmut/Erth      0%         N/A       100%        6
 Orb of Destruction       Conj           0%         9d5       100%        7
 Ozocubu's Refrigeration  Ice            0%         4d7       100%        7
 Summon Small Mammal      Summ           Unusable   N/A       N/A         1
 Summon Guardian Golem    Hex/Summ       Unusable   N/A       N/A         3
 Monstrous Menagerie      Summ           Unusable   N/A       N/A         7
 Summon Hydra             Summ           Unusable   N/A       N/A         7

Dungeon Overview and Level Annotations

Branches:
Dungeon (15/15)            Temple (1/1) D:5            Lair (5/5) D:11
 Shoals (0/4) Lair:2       Spider (0/4) Lair:2        Slime (0/5) Lair:5
    Orc (2/2) D:12            Elf (1/3) Orc:2        Vaults (0/5) D:14
 Depths (0/4) D:15        Ossuary (visited)         Volcano (visited)
Gauntlet (visited)

Altars:
Ashenzari
Cheibriados
Dithmenos
Elyvilon
Fedhas
Gozag
Hepliaklqana
Kikubaaqudgha
Makhleb
Nemelex Xobeh
Okawaru
Qazlal
Ru
Sif Muna
Trog
Uskayaw
Vehumet
Wu Jian
Xom
Yredelemnul
Zin
The Shining One
Jiyva

Shops:
D:1 [   D:2 [   D:5 *   D:8 !   D:14 *   Orc:1 *   Orc:2 (:[(*

Portals:
Trove: D:15 (show abyssal rune of Zot)

Annotations:
D:3 1 runed translucent door, jaiteiro's ghost, amateur DrEE
D:9 Casa - 3 runed translucent doors, BreadTh's ghost, novice MfIE
Orc:2 2 runed translucent doors, exclusion: orange crystal statue
Elf:1 1 runed translucent door


Innate Abilities, Weirdness & Mutations

You have a pair of horns on your head.
You reflexively headbutt those who attack you in melee.
You are partially covered in iridescent scales. (AC +2)
You have a somewhat thin skeletal structure. (Dex +2, Stealth+)
You are clumsy. (Dex -2)
You passively map a small area around you.


Message History

The fire elemental hits you. The fire elemental burns you!
* * * LOW HITPOINT WARNING * * *
The deep elf zephyrmancer mumbles some strange words.
The deep elf zephyrmancer blinks!
The deep elf pyromancer hits you but does no damage.
The deep elf zephyrmancer casts a spell.
The deep elf zephyrmancer blinks!
You slash the deep elf annihilator! You freeze the deep elf annihilator.
You headbutt the deep elf annihilator, but do no damage.
The deep elf annihilator is lightly wounded.
The fire elemental hits you. The fire elemental burns you!
* * * LOW HITPOINT WARNING * * *
You block the fire elemental's attack. The fire elemental hits you.
The fire elemental burns you!
* * * LOW HITPOINT WARNING * * *
The fire elemental hits you. The fire elemental burns you!
* * * LOW HITPOINT WARNING * * *
Unknown command.
You hit the deep elf annihilator but do no damage.
The deep elf annihilator is lightly wounded.
The fire elemental disappears in a puff of smoke!
You block the fire elemental's attack.
The deep elf pyromancer casts a spell.
The deep elf zephyrmancer hits you with a +0 flail.
* * * LOW HITPOINT WARNING * * *
The deep elf annihilator hits you with a +0 long sword!
* * * LOW HITPOINT WARNING * * *
The fire elemental hits you. The fire elemental burns you!
* * * LOW HITPOINT WARNING * * *
The fire elemental misses you.
The deep elf pyromancer hits you but does no damage.
The deep elf zephyrmancer mumbles some strange words.
The deep elf zephyrmancer blinks!
The deep elf zephyrmancer hits you but does no damage.
The deep elf annihilator hits you but does no damage.
You slash the deep elf annihilator! You freeze the deep elf annihilator.
The deep elf annihilator is moderately wounded.
The fire elemental closely misses you. The fire elemental barely misses you.
The fire elemental hits you. The fire elemental burns you!
You die...

#.....#####*
,*
#..##.###..##
#.....##....##
* ,*
#..##.#.....)#
* ,
#.....#......#
*
#..##.##....#
, *
##.....##..# ,
#.##...#§e##*
#....e.e@e.#
,,
###..#eEEEe# +
#.....#e.# , *
#..........#*
##''#...##.# *
* #).##...,.#
#... ##.## # *
* ....,,#.. ,
, #.# ,


You could see a deep elf annihilator, a deep elf knight, 2 deep elf pyromancers,
3 deep elf zephyrmancers and 3 fire elementals.

Vanquished Creatures
  Saint Roka (Orc:2)
  A tentacled starspawn (Abyss:2)
  Kirke (Lair:4)
  3 deep elf sorcerers (Elf:1)
  A stone giant (D:15)
  A deep elf annihilator (Orc:2)
  Nessos (Lair:4)
  A minotaur (Gauntlet)
  An ettin (Orc:2)
  A fire dragon (Volcano)
  Erolcha (D:11)
  A rakshasa (D:13)
  2 hydras
  3 catoblepae (Lair:5)
  2 death knights (D:15)
  4 vault guards
  3 centaur warriors
  A dancing weapon (Elf:1)
  6 boulder beetles
  5 tengu warriors
  2 orc high priests
  A thrashing horror (Gauntlet)
  9 death yaks (Lair:5)
  4 two-headed ogres
  A fire crab (Gauntlet)
  4 skeletal warriors (D:15)
  2 skysharks
  A deep elf archer (Elf:1)
  2 wizards
  5 orc knights
  2 necromancers
  A harpy (Lair:2)
  3 lindwurms (Volcano)
  3 deep elf zephyrmancers
  4 deep elf pyromancers
  2 ugly things
  2 manticores
  4 orc sorcerers
  An oklob plant (Orc:1)
  8 cyclopes
  3 black mambas
  Joseph (D:7)
  3 elephants (Lair:2)
  2 torpor snails (Lair:5)
  3 smoke demons (Volcano)
  3 gargoyles
  6 cane toads
  2 unseen horrors
  A rime drake (Lair:4)
  Maggie (D:6)
  6 komodo dragons
  Psyche (D:12)
  2 kobold demonologists
  2 minotaur zombies (Gauntlet)
  A tengu conjurer (D:15)
  5 freezing wraiths
  A tormentor (Abyss:2)
  4 yaktaurs (D:15)
  A meliai (D:14)
  3 hornets
  A polar bear (Lair:3)
  9 trolls
  19 blink frogs
  Grinder (D:5)
  10 slime creatures
  A large abomination (Abyss:2)
  3 jumping spiders (Lair:2)
  Sigmund (D:6)
  6 flying skulls (Abyss:1)
  A vampire (D:13)
  69 yaks
  A ynoxinul (Abyss:1)
  A human (Lair:4)
  2 fire bats (Gauntlet)
  3 wyverns
  Eustachio (D:6)
  2 water elementals
  3 shadows (D:9)
  4 wraiths
  A neqoxec (Abyss:1)
  6 basilisks
  A fire elemental (Elf:1)
  2 hogs (Lair:4)
  4 steam dragons
  A redback (Lair:2)
  2 vampire mosquitoes (D:12)
  2 small abominations (Gauntlet)
  3 wargs
  2 acid dragons (D:13)
  5 hell hounds (Volcano)
  12 water moccasins
  29 orc warriors
  2 ice beasts
  4 ogres
  4 wolves
  8 centaurs
  3 kobold brigands
  3 elf zombies (Ossuary)
  2 phantoms
  An earth elemental (Elf:1)
  12 bullfrogs
  2 gnoll sergeants
  6 scorpions
  4 wights (D:8)
  4 killer bees (D:9)
  8 electric eels
  8 howler monkeys
  3 centaur zombies (Ossuary)
  16 orc priests
  8 hounds
  A jelly (D:7)
  5 iguanas
  3 iron imps (D:3)
  14 orc wizards
  2 sleepcaps
  2 mummies (Ossuary)
  8 gnolls
  22 adders
  A shadow imp (D:7)
  A white imp (D:6)
  An ufetubus (D:7)
  An adder zombie (Ossuary)
  A worm (D:3)
  2 dart slugs
  65 orcs
  9 endoplasms
  3 giant cockroaches
  7 goblins
  6 hobgoblins
  6 jackals
  24 kobolds
  3 quokkas
  6 ball pythons
  3 bats
  3 frilled lizards
  A goblin zombie (Ossuary)
  10 hobgoblin zombies (Ossuary)
  2 jackal zombies (Ossuary)
  6 kobold zombies (Ossuary)
  9 orc zombies (Ossuary)
  2 rats (D:1)
  2 rat zombies (Ossuary)
689 creatures vanquished.

Vanquished Creatures (others)
  A deep elf zephyrmancer (Elf:1)
  A slime creature (D:12)
  An orc warrior (Elf:1)
  An orc (D:4)
  6 starspawn tentacles (Abyss:2)
10 creatures vanquished.

Grand Total: 699 creatures vanquished

Notes
Turn   | Place    | Note
-------+----------+-------------------------------------------
     0 | D:1      | Peloso the Minotaur Fighter began the quest for the Orb.
     0 | D:1      | Reached XP level 1. HP: 19/19 MP: 0/0
   304 | D:1      | Found Soinn's Antique Armour Shoppe.
   308 | D:1      | Reached XP level 2. HP: 26/27 MP: 1/1
   595 | D:1      | You fall into a shaft and drop 1 floor!
   706 | D:2      | Reached XP level 3. HP: 23/33 MP: 2/2
   813 | D:2      | Found a faded altar of an unknown god.
   911 | D:2      | Identified the +6 rapier "Quet" {heavy, rN+ rCorr Dex+3}
   919 | D:2      | Noticed a phantom
   935 | D:2      | Killed a phantom
   936 | D:2      | Reached skill level 5 in Armour
   936 | D:2      | Reached XP level 4. HP: 38/40 MP: 3/3
  1092 | D:2      | Found Fogroeh's Antique Armour Boutique.
  1633 | D:3      | Found a burning altar of Makhleb.
  1654 | D:3      | Reached XP level 5. HP: 40/46 MP: 4/4
  1715 | D:3      | Reached skill level 5 in Long Blades
  1975 | D:3      | Found a runed translucent door.
  1975 | D:3      | Noticed jaiteiro's ghost (amateur DrEE)
  2409 | D:3      | Reached skill level 1 in Short Blades
  2409 | D:3      | Reached XP level 6. HP: 23/52 MP: 5/5
  2699 | D:4      | Found a broken altar of Ashenzari.
  2719 | D:4      | Found a shimmering altar of Xom.
  3102 | D:4      | Reached XP level 7. HP: 59/60 MP: 6/6
  3372 | D:2      | Bought a polished cloak for 171 gold pieces
  3372 | D:2      | Identified the +1 cloak of the Garden {rC++} (You bought it
                  | in a shop on level 2 of the Dungeon)
  3490 | D:5      | Entered Level 5 of the Dungeon
  3549 | D:5      | Found a sand-covered staircase.
  3554 | Ossuary  | Entered an ossuary
  3681 | Ossuary  | Reached skill level 1 in Dodging
  3768 | Ossuary  | Reached skill level 5 in Shields
  3773 | Ossuary  | Reached XP level 8. HP: 67/67 MP: 7/7
  3784 | Ossuary  | Reached skill level 5 in Short Blades
  3796 | Ossuary  | Reached skill level 5 in Fighting
  3992 | D:5      | Found a staircase to the Ecumenical Temple.
  4051 | Temple   | Entered the Ecumenical Temple
  4051 | Temple   | Found a transporter.
  4051 | Temple   | Found a transporter.
  4053 | Temple   | Found a transporter.
  4053 | Temple   | Found a transporter.
  4177 | D:5      | Found a basalt altar of Yredelemnul.
  4232 | D:5      | Noticed Grinder
  4234 | D:5      | Paralysed by Grinder for 5 turns
  4250 | D:5      | Killed Grinder
  4296 | D:5      | Found Niff's General Store.
  4301 | D:5      | Identified the ring of Wishful Thinking {Drain rPois rC+
                  | Will+ Str+2}
  4360 | D:5      | Found an ornate altar of the Wu Jian Council.
  4401 | D:5      | Found a hide-covered altar of Uskayaw.
  4566 | D:6      | Identified the amulet of Tistroddycw {Regen+ Dex+3}
  4641 | D:6      | Found a blossoming altar of Fedhas.
  4956 | D:6      | Noticed Eustachio
  4968 | D:6      | Killed Eustachio
  5005 | D:6      | Found a radiant altar of Vehumet.
  5006 | D:6      | Noticed Maggie
  5017 | D:6      | Killed Maggie
  5018 | D:6      | Reached XP level 9. HP: 53/75 MP: 8/8
  5241 | D:6      | Found a hazy altar of Hepliaklqana.
  5412 | D:6      | Noticed Sigmund
  5420 | D:6      | Killed Sigmund
  5858 | D:7      | Noticed Joseph
  5873 | D:7      | Killed Joseph
  6275 | D:8      | Found Zaatiommi's Distillery.
  6498 | D:8      | Noticed a boulder beetle
  6709 | D:9      | Reached XP level 10. HP: 74/86 MP: 9/9
  6862 | D:9      | Noticed BreadTh's ghost (novice MfIE)
  6866 | D:9      | Found a runed translucent gate.
  6866 | D:9      | Found a runed translucent gate.
  6866 | D:9      | Found a runed translucent gate.
  6957 | D:9      | Found an opulent altar of Gozag.
  7080 | D:9      | Noticed a two-headed ogre
  7088 | D:9      | Killed a two-headed ogre
  7172 | D:9      | Reached skill level 10 in Armour
  7459 | D:10     | Entered Level 10 of the Dungeon
  7599 | D:10     | Identified the +6 chain mail of the Shoals {rPois rN++
                  | Str+2 Dex-2}
  7674 | D:10     | Found a sparkling altar of Nemelex Xobeh.
  7781 | D:10     | Found a glowing silver altar of Zin.
  7870 | D:10     | Found an iron altar of Okawaru.
  7875 | D:10     | Found a sacrificial altar of Ru.
  7883 | D:10     | Became a worshipper of Warmaster Okawaru
  8209 | D:8      | Reached skill level 1 in Evocations
  8378 | D:8      | Found a white marble altar of Elyvilon.
  8465 | D:11     | Noticed a two-headed ogre
  8478 | D:11     | Killed a two-headed ogre
  8479 | D:11     | Reached XP level 11. HP: 78/95 MP: 10/10
  8486 | D:11     | Reached * piety under Okawaru
  8674 | D:11     | Noticed Erolcha
  8675 | Abyss:1  | Cast into level 1 of the Abyss (Erolcha)
  8782 | Abyss:1  | Reached skill level 10 in Long Blades
  8800 | Abyss:1  | Gained mutation: You occasionally lose the ability to read
                  | scrolls when taking damage. [a neqoxec]
  8823 | Abyss:1  | Noticed a lich
  8831 | D:11     | Escaped the Abyss
  8841 | D:11     | Killed Erolcha
  8841 | D:11     | Reached ** piety under Okawaru
  8899 | D:11     | Found a staircase to the Lair.
  8947 | D:11     | Lost mutation: You occasionally lose the ability to read
                  | scrolls when taking damage. [potion of mutation]
  8947 | D:11     | Gained mutation: You are partially covered in iridescent
                  | scales. (AC +2) [potion of mutation]
  8947 | D:11     | Gained mutation: You passively map a small area around you.
                  | [potion of mutation]
  8947 | D:11     | Gained mutation: You have a somewhat thin skeletal
                  | structure. (Dex +2, Stealth+) [potion of mutation]
  9170 | D:11     | Noticed a boulder beetle
  9204 | D:11     | Noticed a two-headed ogre
  9212 | D:11     | Killed a two-headed ogre
  9213 | D:11     | Reached skill level 5 in Dodging
  9230 | D:11     | Killed a boulder beetle
  9608 | D:11     | Noticed a two-headed ogre
  9619 | D:11     | Killed a two-headed ogre
  9755 | D:12     | Found a gate leading to a gauntlet.
  9772 | Gauntlet | Entered a Gauntlet
  9772 | Gauntlet | Noticed a fire crab
  9772 | Gauntlet | Found a transporter.
  9772 | Gauntlet | Found a transporter.
  9777 | Gauntlet | Found a transporter.
  9781 | Gauntlet | Found a transporter.
  9789 | Gauntlet | Noticed a necromancer
  9795 | Gauntlet | Found a transporter.
  9799 | Gauntlet | Found a transporter.
  9806 | Gauntlet | Noticed a thrashing horror
  9818 | Gauntlet | Found a transporter.
  9892 | Gauntlet | Found a transporter.
  9896 | Gauntlet | Found a transporter.
  9909 | Gauntlet | Found a transporter.
  9913 | Gauntlet | Found a transporter.
  9928 | Gauntlet | Found a transporter.
 10293 | Gauntlet | Killed a fire crab
 10294 | Gauntlet | Reached skill level 1 in Invocations
 10347 | Gauntlet | Killed a necromancer
 10347 | Gauntlet | Reached *** piety under Okawaru
 10409 | Gauntlet | Killed a thrashing horror
 10410 | Gauntlet | Reached XP level 12. HP: 75/105 MP: 11/11
 10430 | Gauntlet | Identified the +0 cloak of Yredelemnul's Hope {rN++ Str-3
                  | Dex+4}
 10440 | Gauntlet | Identified the ring "Hustroith" {rElec rN+ Str+2 Int-4}
 10440 | Gauntlet | Noticed a minotaur
 10454 | Gauntlet | Killed a minotaur
 10455 | Gauntlet | Reached skill level 1 in Stealth
 10474 | Gauntlet | Identified the amulet of Gilae {Spirit Int-4 Dex+3}
 10475 | Gauntlet | Got the Omnibus of Pestilent Illusion
 10530 | D:12     | Received a gift from Okawaru
 10547 | D:12     | HP: 5/106 [troll (9)]
 10673 | D:12     | Found a staircase to the Orcish Mines.
 10707 | D:12     | Reached **** piety under Okawaru
 10766 | D:12     | Noticed a boulder beetle
 10799 | D:12     | Killed a boulder beetle
 10921 | D:12     | Noticed Psyche
 10927 | D:12     | Killed Psyche
 10935 | D:12     | Reached skill level 10 in Fighting
 11180 | Lair:1   | Entered Level 1 of the Lair of Beasts
 11291 | Lair:1   | Reached ***** piety under Okawaru
 11378 | Lair:1   | Reached skill level 10 in Shields
 11611 | Lair:1   | Identified the +0 pair of boots of Jeritt {Dex+2}
 11822 | Lair:1   | Identified a scroll of acquirement
 12758 | Lair:2   | Found a staircase to the Shoals.
 12997 | Lair:2   | Found a hole to the Spider Nest.
 13019 | Lair:2   | Reached XP level 13. HP: 112/115 MP: 13/13
 13140 | Lair:2   | Received a gift from Okawaru
 13278 | Lair:2   | Identified the +8 quarterstaff of the Thirteen Invaders
                  | {heavy, Str+3}
 14579 | Orc:1    | Entered Level 1 of the Orcish Mines
 14579 | Orc:1    | Found a shimmering altar of Xom.
 14919 | Orc:1    | Found Hyntal's Assorted Antiques.
 14933 | Orc:1    | Bought a scroll of identify for 58 gold pieces
 14934 | Orc:1    | Bought 2 scrolls of identify for 116 gold pieces
 15277 | Orc:2    | Entered Level 2 of the Orcish Mines
 15303 | Orc:2    | Found the +10 tower shield of Ignorance {rN+ Int-4}
 15414 | Orc:2    | Identified the +3 great sword "Qaponn" {freeze, *Noise
                  | Int+4} (Okawaru gifted it to you on level 2 of the Orcish
                  | Mines)
 15414 | Orc:2    | Received a gift from Okawaru
 15621 | Orc:2    | Found a staircase to the Elven Halls.
 15641 | Orc:2    | Found a runed translucent door.
 15662 | Orc:2    | Found a runed translucent door.
 15811 | Orc:1    | Reached ****** piety under Okawaru
 16175 | Orc:2    | Noticed Saint Roka
 16280 | Orc:2    | Killed Saint Roka
 16292 | Orc:2    | Found Ereobuent's Antique Armour Boutique.
 16298 | Orc:2    | Found Paphira's Book Boutique.
 16303 | Orc:2    | Found Gyilaisch's Antique Weapon Boutique.
 16328 | Orc:2    | Found Hicwuss's General Store.
 16351 | Orc:2    | Bought a shimmering plate armour for 700 gold pieces
 16351 | Orc:2    | Identified the +8 plate armour of Roizxue {rN++ MP+9 Int-2
                  | SInv} (You bought it in a shop on level 2 of the Orcish
                  | Mines)
 16438 | Orc:2    | Noticed an ettin
 16449 | Orc:2    | Killed an ettin
 16449 | Orc:2    | Identified the +1 pair of gloves of Dogma {Slay+2} (Okawaru
                  | gifted it to you on level 2 of the Orcish Mines)
 16449 | Orc:2    | Received a gift from Okawaru
 16484 | Orc:2    | Found Daoroxec's Weapon Boutique.
 16801 | Lair:4   | Noticed Kirke
 16836 | Lair:4   | Killed Kirke
 16899 | Lair:4   | Found a dark tunnel.
 17006 | Volcano  | Entered a volcano
 17055 | Volcano  | Reached XP level 14. HP: 98/127 MP: 14/14
 17079 | Volcano  | Reached skill level 15 in Long Blades
 17291 | Volcano  | Acquired 281 gold pieces
 17693 | Lair:4   | Noticed Nessos
 17722 | Lair:4   | Killed Nessos
 18250 | Lair:5   | Entered Level 5 of the Lair of Beasts
 18410 | Lair:5   | Reached skill level 15 in Armour
 18707 | Lair:5   | Received a gift from Okawaru
 19262 | Lair:5   | Received a gift from Okawaru
 19355 | Lair:5   | Found the dreamshard necklace {*Dream Drain}
 19363 | Lair:5   | Identified the staff of cold "Agheu" {rPois rC+}
 19506 | Lair:5   | Found a viscous altar of Jiyva.
 19506 | Lair:5   | Found a staircase to the Slime Pits.
 19528 | Lair:5   | Acquired 824 gold pieces
 19767 | D:13     | Reached XP level 15. HP: 102/139 MP: 15/15
 20383 | D:14     | Found a gate to the Vaults.
 20545 | D:14     | Received a gift from Okawaru
 20596 | D:14     | Found Bimp's Assorted Antiques.
 20602 | D:14     | Identified the +8 morningstar of Drought {freeze, *Corrode
                  | Fly Int+6 Stlth+}
 20966 | D:15     | Entered Level 15 of the Dungeon
 21038 | D:15     | Found a portal to a secret trove of treasure.
 21050 | D:15     | Reached skill level 10 in Dodging
 21052 | D:15     | Reached skill level 15 in Fighting
 21145 | Abyss:2  | Cast into level 2 of the Abyss (a wizard)
 21179 | Abyss:2  | Noticed a tentacled starspawn
 21202 | Abyss:2  | Identified the +0 steam dragon scales of Jigsaw {-Cast
                  | -Tele Will+++ rCorr} (Okawaru gifted it to you on level 2
                  | of the Abyss)
 21202 | Abyss:2  | Received a gift from Okawaru
 21214 | Abyss:2  | Killed a tentacled starspawn
 21233 | D:15     | Escaped the Abyss
 21873 | D:15     | Found a staircase to the Depths.
 22341 | Elf:1    | Entered Level 1 of the Elven Halls
 22341 | Elf:1    | Noticed a deep elf sorcerer
 22341 | Elf:1    | Found a runed translucent gate.
 22341 | Elf:1    | Found a runed translucent gate.
 22341 | Elf:1    | Found a runed translucent gate.
 22341 | Elf:1    | Found a runed translucent gate.
 22341 | Elf:1    | Found a runed translucent gate.
 22341 | Elf:1    | Found a runed translucent gate.
 22344 | Elf:1    | Found a runed translucent door.
 22346 | Elf:1    | Found a runed translucent door.
 22367 | Elf:1    | Killed a deep elf sorcerer
 22372 | Elf:1    | Identified the amulet "Dosm" {RegenMP Regen+ Str-2 SInv
                  | Stlth-}
 22552 | Elf:1    | Lost intelligence.
 22556 | Elf:1    | Gained mutation: You are clumsy. (Dex -2) [a neqoxec]
 22663 | Elf:1    | Noticed a deep elf sorcerer
 22676 | Elf:1    | Killed a deep elf sorcerer
 22733 | Elf:1    | Noticed a deep elf sorcerer
 22750 | Elf:1    | Killed a deep elf sorcerer
 22755 | Elf:1    | HP: 1/141 [fire elemental[a deep elf pyromancer] (7)]
 22756 | Elf:1    | Slain by a fire elemental

Illustrated notes

Levels and vault maps discovered:
D:1:      eino_arrival_druids_welcome, layout_loops_ring, serial_shops, shop,
          solitary_fountain
D:2:      layout_basic, shapermc_ecumenical_altar_totnotflames, serial_shops,
          nicolae_shop_hallway_stairs
D:3:      layout_basic, demons_altar, gammafunk_ghost_grave,
          nicolae_hexahallways, kennysheep_generic_room_3
D:4:      layout_rooms, xom_confusion_cloud, evilmike_ruin_ashenzari,
          minivault_19
D:5:      layout_cave_pools, mainiacjoe_overflow_cross_hatched, kennysheep_mini,
          nzn_wu_jian_contemplation, minmay_temple_entry_fiery,
          nicolae_ossuary_entry_ruins, serial_shops, nicolae_shop_crystal,
          grunt_ministairs_9, minivault_11, uniq_grinder
D:6:      layout_basic, mainiacjoe_overflow_catwalk,
          mainiacjoe_overflow_alcove_1, amcnicky_altar_gilded, minivault_1,
          kennysheep_generic_room_12, uniq_sigmund, uniq_maggie, uniq_eustachio
D:7:      layout_basic, uniq_joseph
D:8:      layout_cave_pools, kennysheep_mini_moat, serial_shops, shop
D:9:      layout_cross, nicolae_gozag_seed_capital,
          gammafunk_ghost_nasty_kobolds, minmay_hedge_maze
D:10:     layout_basic, nemelex_xobeh_ov_fountains_minmay,
          mainiacjoe_overflow_concentric_impassable,
          mainiacjoe_overflow_big_doors, chequers_decorated_corner
D:11:     layout_grid_maze, erik_lair_island, uniq_erolcha
D:12:     layout_rooms, david_orc_3, gauntlet_entry_generic,
          minmay_lindwurm_lava, uniq_psyche
D:13:     minmay_angry_zag, layout_rooms, minmay_crystal_water
D:14:     layout_basic, lightli_vaults_fourway_checkpoint, minivault_14,
          serial_shops, shop
D:15:     hangedman_depths_entry_civil_slaughter, layout_grid_maze,
          hangedman_decor_slide_cut, enter_trove_0
Temple:   hellmonk_temple_divided_pantheon
Lair:1:   minmay_lair_venomous_thicket, layout_long_grid
Lair:2:   layout_cave_pods, nicolae_shoals_entry_roost, spider_nest_entry_a
Lair:3:   layout_roguey, lemuel_fruit_tree, infiniplex_staircase_pool
Lair:4:   layout_long_grid, nicolae_volcano_entry_two_sided, grunt_megastairs_3,
          uniq_kirke, uniq_nessos
Lair:5:   evilmike_catoblepas_cave, layout_hall_layers, slime_entry_1,
          nzn_sisyphean_effort
Orc:1:    layout_diamond_mine, basic_altar, serial_shops, shop, mines3_lemuel
Orc:2:    grunt_orc_cross, layout_caves, serial_shops,
          nicolae_shop_bloodbath_and_beyond, chequers_guarded_unrand_ignorance
Elf:1:    nicolae_elf_arrival_dilemma, layout_geoelf_octagon, serial_shops,
          shop, hangedman_elf_represent, corexii_hall_statues_u

Skill      XL: |  1  2  3  4  5  6  7  8  9 10 11 12 13 14 15 |
---------------+----------------------------------------------+-----
Shields        | 4 5 6 7 8 10 11 12 14 | 14.3
Long Blades    | 3 4 5 9 11 13 14 16 | 16.7
Armour         | 4 5 6 7 8 9 10 12 13 14 15 16 | 16.7
Fighting       | 4 6 7 8 9 10 12 14 15 | 15.6
Short Blades   | 1 3 4 7 9 |  9.1
Dodging        | 1 2 4 5 6 7 9 10 | 10.3
Evocations     | 1 2 |  2.0
Invocations    | 1 2 |  2.1
Stealth        | 1 2 |  2.1

Action                     |  1- 3 |  4- 6 |  7- 9 | 10-12 | 13-15 || total
---------------------------+-------+-------+-------+-------+-------++-------
  Melee: Long sword        |    79 |       |    18 |       |       ||    97
         Headbutt          |     6 |     7 |    62 |   167 |   470 ||   712
         Rapier            |       |    84 |   218 |       |       ||   302
         Punch             |       |     1 |     2 |       |       ||     3
         Falchion          |       |       |    45 |   673 |  1526 ||  2244
 Invoke: Heroism           |       |       |       |     9 |     8 ||    17
  Evoke: Wand              |       |       |       |    11 |       ||    11
    Use: Scroll            |     1 |       |    12 |    12 |     9 ||    34
         Potion            |       |       |       |     4 |     4 ||     8
   Stab: Petrifying        |       |       |       |       |     2 ||     2
 Armour: Scale mail        |    31 |    54 |    77 |       |       ||   162
         Acid dragon scale |       |       |    56 |       |       ||    56
         Plate armour      |       |       |       |    36 |       ||    36
         Chain mail        |       |       |       |   366 |   733 ||  1099
  Dodge: Dodged            |    40 |    39 |   153 |   341 |   782 ||  1355
  Block: Buckler           |    22 |       |    45 |   193 |   474 ||   734
         Other             |       |    19 |    49 |       |       ||    68
         Reflection        |       |       |     2 |       |       ||     2
